 Dungeon Crawl Stone Soup version 0.23-a0-756-g517b432 (webtiles) character file.

86622 HungryMoth the Geomancer (level 16, -13/122 HPs)
             Began as a Formicid Earth Elementalist on Jan 18, 2019.
             Was a High Priest of Vehumet.
             Mangled by a dire elephant (31 damage)
             ... on level 6 of the Lair of Beasts.
             The game lasted 01:59:57 (19204 turns).

HungryMoth the Geomancer (FoEE)                    Turns: 19204, Time: 01:59:58

Health: -13/122    AC: 10    Str: 14    XL:     16   Next: 34%
Magic:  4/31       EV: 12    Int: 23    God:    Vehumet [*****.]
Gold:   1333       SH:  0    Dex: 11    Spells: 0/37 levels left

rFire    + . .     SeeInvis +   q - +9 staff of Olgreb {rPois}
rCold    . . .     Gourm    +   (no shield)
rNeg     . . .     Faith    .   N - +2 robe {rF+}
rPois    ∞         Spirit   .   (helmet unavailable)
rElec    .         Reflect  .   v - scarf {repulsion}
rCorr    +         Harm     .   H - +2 pair of gloves
MR       +....                  E - +2 pair of boots {Stlth+}
Stlth    +++.......             n - amulet of the gourmand
HPRegen  0.30/turn              j - +2 ring of intelligence
MPRegen  0.22/turn              l - ring of resist corrosion

@: radiating poison, repel missiles
A: permanent stasis, dig shafts and tunnels, four strong arms, antennae 3
a: Dig, Shaft Self, Renounce Religion


You were on level 6 of the Lair of Beasts.
You worshipped Vehumet.
Vehumet was extremely pleased with you.
You were completely stuffed.

You visited 3 branches of the dungeon, and saw 18 of its levels.
You also visited: Ice Cave.

You collected 1333 gold pieces.

Inventory:

Hand Weapons
 o - the +7 spear "Xugu" {vamp, rElec MP+9 Str+4}
   (You took it off an orc on level 6 of the Dungeon)

   It inflicts no extra harm, but heals its wielder when it wounds a living foe.
   It affects your strength (+4).
   It insulates you from electricity.
   It affects your magic capacity (+9).
 q - the +9 staff of Olgreb (weapon) {rPois}
   (You found it on level 8 of the Dungeon)

   It protects you from poison.
Missiles
 b - 399 stones (quivered)
Armour
 f - the +0 cloak of Beauty {+Fly rN+}
   (You found it on level 2 of the Lair of Beasts)

   It protects you from negative energy.
   It lets you fly.
 m - a +2 robe of magic resistance
 v - a scarf of repulsion (worn)
 E - a +2 pair of boots of stealth (worn)
 H - a +2 pair of gloves (worn)
 N - a +2 robe of fire resistance (worn)
Magical Staves
 L - an uncursed staff of conjuration
Jewellery
 j - a +2 ring of intelligence (left hand)
 l - a ring of resist corrosion (right hand)
 n - an amulet of the gourmand (around neck)
 z - an uncursed ring of poison resistance
 G - an uncursed ring of positive energy
 K - a +2 amulet of reflection
 M - an uncursed amulet of the acrobat
Wands
 k - a wand of random effects (74)
 y - a wand of clouds (8)
 B - a wand of acid (22)
 C - a wand of polymorph (10)
 F - a wand of scattershot (3)
Scrolls
 a - 7 scrolls of remove curse
 s - 2 scrolls of amnesia
 w - 3 scrolls of immolation
 D - a scroll of enchant armour
 I - a scroll of summoning
Potions
 c - a potion of brilliance
 e - 3 potions of might
 g - 4 potions of heal wounds
 h - 2 potions of flight
 i - 11 potions of curing
 r - a potion of ambrosia
 u - a potion of magic
 x - 2 potions of cancellation
 J - a potion of mutation
Miscellaneous
 t - a fan of gales
 A - a phial of floods
Comestibles
 d - 34 rations


   Skills:
 - Level 10.0 Fighting
 - Level 1.7 Dodging
 - Level 2.4 Stealth
 + Level 11.1 Spellcasting
 * Level 5.0 Conjurations
 - Level 6.7 Hexes
 - Level 10.0 Transmutations
 - Level 10.0 Fire Magic
 - Level 13.8 Earth Magic
 - Level 10.0 Evocations


You couldn't memorise any spells.
You knew the following spells:

 Your Spells              Type           Power        Failure   Level  Hunger
a - Sandblast             Erth           ######       0%          1    None
b - Passwall              Tmut/Erth      ######..     1%          2    None
c - Stone Arrow           Conj/Erth      ######       1%          3    None
d - Petrify               Tmut/Erth      ######..     1%          4    None
e - Lee's Rapid Deconstr  Erth           ######....   1%          5    ####...
f - Fireball              Conj/Fire      #####.....   1%          5    ####...
g - Conjure Flame         Conj/Fire      #####...     1%          3    None
h - Spellforged Servitor  Conj/Summ      ###.......   97%         7    #######
i - Leda's Liquefaction   Hex/Erth       ######....   1%          4    None
j - Inner Flame           Hex/Fire       ######..     1%          3    None

Your spell library contained the following spells:

 Spells                   Type           Power        Failure   Level  Hunger
 Beastly Appendage        Tmut           ######       1%          1    None
 Confusing Touch          Hex            #####.       1%          1    None
 Corona                   Hex            #####..      1%          1    None
 Magic Dart               Conj           ####         1%          1    None
 Searing Ray              Conj           #####.       1%          2    None
 Slow                     Hex            #####...     1%          2    None
 Sticks to Snakes         Tmut           ######..     1%          2    None
 Confuse                  Hex            #####...     1%          3    None
 Dazzling Spray           Conj/Hex       #####.       1%          3    None
 Ignite Poison            Fire/Tmut/Pois ######..     1%          3    None
 Spider Form              Tmut/Pois      ######....   1%          3    None
 Tukima's Dance           Hex            #####...     1%          3    None
 Fulminant Prism          Conj/Hex       #####.....   1%          4    None
 Iskenderun's Mystic Bla  Conj           #####...     1%          4    None
 Yara's Violent Unravell  Hex/Tmut       ######....   1%          5    ####...
 Blade Hands              Tmut           ######....   2%          5    ####...
 Portal Projectile        Hex/Tloc       ####..       3%          3    None
 Cause Fear               Hex            #####.....   3%          4    None
 Apportation              Tloc           ##....       4%          1    None
 Summon Butterflies       Summ           ##......     4%          1    None
 Force Lance              Conj/Tloc      ###.....     5%          4    None
 Ice Form                 Ice/Tmut       #####...     6%          4    None
 Bolt of Fire             Conj/Fire      #####.....   10%         6    #####..
 Call Canine Familiar     Summ           ##......     16%         3    None
 Gell's Gravitas          Tloc           ##........   16%         3    None
 Lesser Beckoning         Tloc           ##........   16%         3    None
 Alistair's Intoxication  Tmut/Pois      ######..     19%         5    ####...
 Metabolic Englaciation   Hex/Ice        ####......   34%         5    ####...
 Summon Mana Viper        Hex/Summ       ####....     34%         5    ####...
 Invisibility             Hex            #####...     43%         6    #####..
 Summon Ice Beast         Ice/Summ       ##......     45%         4    None
 Ignition                 Fire           ######....   77%         8    #######
 Ring of Flames           Chrm/Fire      #####.....   99%         7    #######
 Summon Hydra             Summ           ##........   100%        7    #######


Dungeon Overview and Level Annotations

Branches:
Dungeon (11/15)            Temple (1/1) D:7            Lair (6/6) D:10
 Shoals (0/4) Lair:4       Spider (0/4) Lair:2        Slime (0/5) Lair:5
    Orc (0/2) D:10

Altars:
Ashenzari
Cheibriados
Dithmenos
Elyvilon
Fedhas
Gozag
Hepliaklqana
Kikubaaqudgha
Makhleb
Nemelex Xobeh
Okawaru
Qazlal
Ru
Sif Muna
Trog
Uskayaw
Vehumet
Wu Jian
Xom
Yredelemnul
Zin
The Shining One
Jiyva

Shops:
D:10 %

Annotations:
D:10 exclusion: downstairs


Innate Abilities, Weirdness & Mutations

You cannot be hasted, slowed, berserked, paralysed or teleported.
You can dig through walls and to a lower floor.
Your four strong arms can wield two-handed weapons with a shield.
You have a pair of large antennae on your head. (SInv)


Message History

Aim: a dire elephant (severely wounded, poisoned)
The blast of sand hits the dire elephant.
The dire elephant is severely wounded.
b - 400 stones The dire elephant closely misses you.
The dire elephant barely misses you.
Casting: Sandblast (safe; 0% risk of failure)
Confirm with . or Enter, or press ? or * to list all spells.
Aiming: Sandblast (safe; 0% risk of failure)
Press: ? - help, Shift-Dir - straight line, f/p - dire elephant
Aim: a dire elephant (severely wounded, poisoned)
The blast of sand hits the dire elephant.
The dire elephant is severely wounded.
b - 399 stones The dire elephant tramples you!!
* * * LOW HITPOINT WARNING * * *
You stumble backwards!
You begin to radiate toxic energy.
You feel slightly less full.
The dire elephant looks as sick as possible!
The dire elephant tramples you!!
You die...

##....(....####. # #...P#.....#
#. ## ##...###..### ## .####
######## #.....###.# ###
.##.####.#.##.###........######.#
....##....................##...#.
.............................#...
♣###♣♣.......♣########'''########
#######♣....###.@Y...§..........
..P..)##♣♣###...#####8.⌠.8#####.
......# ####.###≈.###...##
P.....####....#≈≈≈≈.######
#####'#...P####.≈≈≈≈#....## {{
#.#.####.8#.≈≈≈≈'.....# {{
#...#.....'÷.≈≈≈'.....#
#..8#....8##.≈≈##...)## ♣
###'##''###############


You could see a dire elephant.

Vanquished Creatures
  3 dire elephants (Lair:6)
  3 hydras
  A catoblepas (Lair:3)
  Erica (D:9)
  2 two-headed ogres
  An anaconda (Lair:6)
  Urug (Lair:5)
  2 ugly things
  An oklob plant (Lair:2)
  7 elephants (Lair:5)
  Maurice (D:9)
  3 merfolk sirens (Lair:4)
  2 black mambas
  11 spiny frogs
  9 komodo dragons
  2 rime drakes (Lair:5)
  3 jumping spiders (Lair:2)
  A merfolk (Lair:4)
  2 polar bears
  5 blink frogs
  4 dream sheep (Lair:5)
  5 hippogriffs
  29 yaks
  3 redbacks (Lair:2)
  A hungry ghost (D:10)
  3 basilisks
  Menkaure (D:6)
  13 water moccasins
  2 soldier ants (D:8)
  7 porcupines
  An orc warrior (D:10)
  4 sky beasts
  A black bear (Lair:3)
  A hornet zombie (D:5)
  7 ice beasts
  5 ogres
  7 wolves (Lair:5)
  8 centaurs
  25 crocodiles
  A gnoll sergeant (D:10)
  10 bullfrogs
  A big kobold (D:11)
  A wyvern skeleton (D:9)
  7 scorpions
  11 killer bees
  4 wights (D:6)
  2 electric eels (Lair:3)
  4 howler monkeys
  2 crimson imps
  A quasit (D:6)
  A jelly (D:9)
  A centaur zombie (D:10)
  2 hounds
  5 orc priests
  Crazy Yiuf (D:6)
  A bullfrog skeleton (D:7)
  A centaur skeleton (D:6)
  Natasha (thrice) (D:3)
  7 orc wizards
  15 iguanas
  9 worker ants
  A hound zombie (D:8)
  A hound skeleton (D:5)
  Robin (D:3)
  4 gnolls (D:10)
  19 adders
  A howler monkey skeleton (D:6)
  A shadow imp (D:9)
  An adder zombie (D:8)
  2 adder skeletons
  A worm (D:2)
  A dart slug (D:1)
  12 leopard geckos
  27 orcs
  4 giant cockroaches
  13 goblins
  4 hobgoblins
  12 jackals
  5 quokkas
  A ball python (D:1)
  5 bats
  13 frilled lizards
  A jackal zombie (D:5)
  13 kobolds
  A leopard gecko skeleton (D:7)
  A quokka skeleton (D:8)
  8 rats
  A plant (Lair:6)
432 creatures vanquished.

Vanquished Creatures (collateral kills)
  A spiny frog (Lair:6)
  2 yaks (Lair:6)
3 creatures vanquished.

Vanquished Creatures (others)
  A leopard gecko (Lair:3)
  2 bushes (Lair:5)
  15 fungi
  12 plants
30 creatures vanquished.

Grand Total: 465 creatures vanquished

Notes
Turn   | Place    | Note
-------+----------+-------------------------------------------
     0 | D:1      | HungryMoth the Formicid Earth Elementalist began the quest
                  | for the Orb.
     0 | D:1      | Reached XP level 1. HP: 13/13 MP: 3/3
   194 | D:1      | Reached XP level 2. HP: 18/19 MP: 0/5
   205 | D:1      | Reached skill level 4 in Earth Magic
   371 | D:1      | Learned a level 2 spell: Passwall
   622 | D:1      | Reached XP level 3. HP: 24/24 MP: 3/7
   680 | D:1      | Learned a level 3 spell: Stone Arrow
  1202 | D:1      | Reached XP level 4. HP: 12/30 MP: 1/9
  1404 | D:2      | Reached XP level 5. HP: 20/35 MP: 0/11
  1427 | D:2      | Learned a level 4 spell: Petrify
  1950 | D:3      | Noticed an ogre
  1955 | D:3      | Killed an ogre
  1955 | D:3      | Reached skill level 5 in Spellcasting
  1955 | D:3      | Reached skill level 5 in Earth Magic
  1955 | D:3      | Reached XP level 6. HP: 41/41 MP: 0/13
  1962 | D:3      | Learned a level 5 spell: Lee's Rapid Deconstruction
  2079 | D:3      | Noticed Natasha
  2084 | D:3      | Killed Natasha
  2084 | D:3      | Reached skill level 1 in Conjurations
  2575 | D:3      | Reached skill level 6 in Earth Magic
  2636 | D:3      | Noticed Natasha
  2638 | D:3      | Killed Natasha
  2638 | D:3      | Reached XP level 7. HP: 46/46 MP: 5/14
  2638 | D:3      | Noticed Natasha
  2641 | D:3      | Killed Natasha
  2748 | D:3      | Noticed Robin
  2768 | D:3      | Killed Robin
  3184 | D:4      | Found a radiant altar of Vehumet.
  3219 | D:4      | Became a worshipper of Vehumet
  3240 | D:4      | Reached skill level 7 in Earth Magic
  3642 | D:4      | Reached skill level 8 in Earth Magic
  3642 | D:4      | Reached XP level 8. HP: 52/52 MP: 8/15
  3875 | D:5      | Entered Level 5 of the Dungeon
  3887 | D:5      | You fall through a shaft for 3 floors!
  3992 | D:7      | Reached skill level 9 in Earth Magic
  4191 | D:5      | Reached skill level 10 in Earth Magic
  4359 | D:5      | Reached * piety under Vehumet
  4359 | D:5      | Offered knowledge of Magic Dart by Vehumet.
  4475 | D:5      | Found a glowing golden altar of the Shining One.
  4475 | D:5      | Found a shattered altar of Ashenzari.
  4790 | D:6      | Reached XP level 9. HP: 57/57 MP: 4/16
  4966 | D:6      | Reached skill level 5 in Conjurations
  5199 | D:6      | Reached skill level 1 in Fighting
  5280 | D:6      | Identified the +7 spear "Xugu" {vamp, rElec MP+9 Str+4}
  5446 | D:6      | Noticed Menkaure
  5450 | D:6      | Killed Menkaure
  5655 | D:6      | Found a runed door.
  5659 | D:6      | Noticed Crazy Yiuf
  5661 | D:6      | Killed Crazy Yiuf
  5792 | D:7      | Offered knowledge of Searing Ray by Vehumet.
  5802 | D:7      | Found a blossoming altar of Fedhas.
  5838 | D:7      | Reached ** piety under Vehumet
  5965 | D:7      | Found a staircase to the Ecumenical Temple.
  6024 | Temple   | Entered the Ecumenical Temple
  6705 | D:8      | Noticed a two-headed ogre
  6751 | D:8      | Killed a two-headed ogre
  6751 | D:8      | Reached XP level 10. HP: 71/71 MP: 4/22
  6842 | D:8      | Found a runed gate.
  6844 | D:8      | Found the +9 staff of Olgreb {rPois}
  6847 | D:8      | Found a runed door.
  6856 | D:8      | Found a runed door.
  6866 | D:8      | Found a runed gate.
  6866 | D:8      | Found a runed gate.
  7027 | D:8      | Found a bloodstained altar of Trog.
  7067 | D:8      | Offered knowledge of Dazzling Spray by Vehumet.
  7426 | D:9      | Learned a level 3 spell: Spider Form
  7445 | D:9      | Noticed Erica
  7451 | D:9      | Reached *** piety under Vehumet
  7459 | D:9      | Killed Erica
  7459 | D:9      | Reached skill level 10 in Spellcasting
  7459 | D:9      | Reached skill level 1 in Evocations
  7659 | D:9      | Noticed Maurice
  7692 | D:9      | Reached skill level 5 in Fighting
  7707 | D:9      | Noticed a komodo dragon
  7710 | D:9      | Noticed a centaur warrior
  8205 | D:10     | Entered Level 10 of the Dungeon
  8266 | D:9      | Killed Maurice
  8266 | D:9      | Reached skill level 5 in Transmutations
  8266 | D:9      | Reached XP level 11. HP: 74/80 MP: 2/25
  8417 | D:10     | Offered knowledge of Conjure Flame by Vehumet.
  8446 | D:10     | Found Elobeb's Food Emporium.
  8524 | D:10     | Reached skill level 5 in Evocations
  8596 | D:10     | Noticed a two-headed ogre
  8601 | D:10     | Killed a two-headed ogre
  8641 | D:10     | Learned a level 3 spell: Conjure Flame
  8763 | D:10     | Found a staircase to the Lair.
  9166 | D:10     | Found a staircase to the Orcish Mines.
  9595 | D:11     | Reached **** piety under Vehumet
  9602 | D:11     | Noticed a two-headed ogre
  9604 | D:11     | Offered knowledge of Fireball by Vehumet.
  9841 | Lair:1   | Entered Level 1 of the Lair of Beasts
  9848 | Lair:1   | Learned a level 5 spell: Fireball
  9930 | Lair:1   | Reached skill level 1 in Fire Magic
 10325 | Lair:1   | Found a shimmering altar of Xom.
 11013 | Lair:2   | Reached XP level 12. HP: 88/88 MP: 26/26
 11025 | Lair:2   | Noticed a four-headed hydra
 11031 | Lair:2   | Killed a four-headed hydra
 11143 | Lair:2   | Reached skill level 5 in Fire Magic
 11331 | Lair:2   | Got a transparent cloak
 11342 | Lair:2   | Identified the cursed +0 cloak of Beauty {+Fly rN+} (You
                  | found it on level 2 of the Lair of Beasts)
 11460 | Lair:2   | Found a hole to the Spider Nest.
 11911 | Lair:3   | Noticed a catoblepas
 11923 | Lair:3   | Killed a catoblepas
 12069 | Lair:3   | Reached skill level 10 in Evocations
 12349 | Lair:3   | Reached ***** piety under Vehumet
 12370 | Lair:3   | Offered knowledge of Spellforged Servitor by Vehumet.
 13147 | Lair:3   | Noticed a four-headed hydra
 13151 | Lair:3   | Killed a four-headed hydra
 13151 | Lair:3   | Reached skill level 11 in Earth Magic
 13170 | Lair:3   | Noticed a six-headed hydra
 13186 | Lair:3   | Killed a six-headed hydra
 13186 | Lair:3   | Reached XP level 13. HP: 30/96 MP: 19/27
 13997 | Lair:4   | Reached skill level 12 in Earth Magic
 14161 | Lair:4   | Found a staircase to the Shoals.
 14345 | Lair:4   | Learned a level 4 spell: Leda's Liquefaction
 15079 | Lair:5   | Noticed Urug
 15098 | Lair:5   | Killed Urug
 15218 | Lair:5   | Found a frozen archway.
 15229 | Lair:5   | Reached skill level 10 in Transmutations
 15405 | IceCv    | Entered an ice cave
 15422 | IceCv    | Found a transporter.
 16116 | Lair:5   | Reached skill level 10 in Fighting
 16116 | Lair:5   | Reached skill level 1 in Hexes
 16386 | Lair:5   | Reached skill level 5 in Hexes
 16386 | Lair:5   | Reached XP level 14. HP: 46/110 MP: 7/28
 16876 | Lair:5   | Found a staircase to the Slime Pits.
 16876 | Lair:5   | Found a viscous altar of Jiyva.
 16987 | Lair:5   | Learned a level 3 spell: Inner Flame
 17329 | Lair:6   | Entered Level 6 of the Lair of Beasts
 17492 | Lair:6   | Reached skill level 13 in Earth Magic
 18094 | Lair:6   | Found a blossoming altar of Fedhas.
 18168 | Lair:6   | Reached XP level 15. HP: 115/115 MP: 29/29
 18169 | Lair:6   | Reached XP level 16. HP: 122/122 MP: 30/30
 18547 | Lair:6   | HP: 6/122 [dire elephant (12)]
 18548 | Lair:6   | Reached skill level 10 in Fire Magic
 19150 | Lair:6   | Learned a level 7 spell: Spellforged Servitor
 19204 | Lair:6   | Mangled by a dire elephant

Vault maps used:
D:1:      nicolae_arrival_washed_ashore, kennysheep_boxes
D:3:      feat_on_display, uniq_robin, uniq_natasha
D:4:      lemuel_round_altar
D:5:      gammafunk_temple_overflow_elements, first_ration,
          minmay_misc_feat_cross
D:6:      uniq_crazy_yiuf_cottage, uniq_menkaure
D:7:      fedhas_ov_isle_minmay, temple_fountains, kennysheep_generic_room_13
D:8:      lemuel_crystal_altar, minmay_guarded_unrand_staff_of_olgreb
D:9:      minivault_12, uniq_maurice, uniq_erica
D:10:     grunt_lair_entry_orc_guard_hut, orc_0_dummy, serial_shops, shop_statue
D:11:     uniq_josephine
Temple:   minmay_crystal_spiral_temple
Lair:1:   beast_lair_carwin_large_3, st_stairs_3, lemuel_centaur_altar,
          serial_bayou_shore_b
Lair:2:   nicolae_spider_entry_tight_spaces, grunt_megastairs_4
Lair:3:   lemuel_reptile_caves
Lair:4:   elwin_shoals_entry_stream, infiniplex_staircase_pool_2
Lair:5:   slime_altar_1, portal_ice_cave_entry_animals_and_master,
          cheibrodos_lair_reptile_den, uniq_urug
Lair:6:   due_jungle_book, basic_altar, gauntlet_entry_generic
IceCv:    ice_cave_statue_garden_transporter

Skill      XL: |  1  2  3  4  5  6  7  8  9 10 11 12 13 14 15 16 |
---------------+-------------------------------------------------+-----
Earth Magic    | 4 5 6 8 10 11 12 13 | 13.8
Spellcasting   | 3 4 5 8 10 11 | 11.1
Conjurations   | 1 3 5 |  5.0
Transmutations | 2 4 5 6 9 10 | 10.0
Fighting       | 4 5 6 7 10 | 10.0
Evocations     | 3 8 10 | 10.0
Fire Magic     | 3 5 8 9 10 | 10.0
Hexes          | 5 6 |  6.7
Dodging        | |  1.7
Stealth        | |  2.4

Action                   |  1- 3 |  4- 6 |  7- 9 | 10-12 | 13-15 | 16-18 || total
-------------------------+-------+-------+-------+-------+-------+-------++-------
Melee: Unarmed           |    11 |       |       |       |       |       ||    11
       Short sword       |     4 |       |       |       |       |       ||     4
       Dagger            |       |     8 |    41 |       |       |       ||    49
       Staff             |       |       |    24 |    43 |    12 |    13 ||    92
 Cast: Sandblast         |    34 |    23 |    57 |   170 |   184 |    22 ||   490
       Stone Arrow       |     5 |    20 |    71 |   109 |    49 |     1 ||   255
       Lee's Rapid Decon |       |       |    13 |    35 |    21 |     4 ||    73
       Petrify           |       |       |     3 |     5 |     4 |     1 ||    13
       Fireball          |       |       |       |     1 |     8 |     2 ||    11
       Spider Form       |       |       |       |       |     1 |       ||     1
       Leda's Liquefacti |       |       |       |       |     1 |       ||     1
       Conjure Flame     |       |       |       |       |       |     3 ||     3
 Abil: Dig               |     1 |       |       |     3 |     1 |     1 ||     6
Evoke: Staff of Olgreb   |       |       |       |    10 |     3 |     2 ||    15
       Wand              |       |       |       |       |       |     4 ||     4
  Use: Scroll            |       |     5 |     1 |    16 |     8 |     1 ||    31
       Potion            |       |       |       |       |     5 |       ||     5
 Stab: Petrified         |       |       |       |     1 |     4 |       ||     5
  Eat: Chunk             |     2 |     6 |    43 |    34 |    20 |     5 ||   110
Armor: Robe              |    10 |     1 |    27 |    27 |    54 |     6 ||   125
Dodge: Dodged            |    23 |     7 |    58 |    59 |   100 |     9 ||   256
       Deflected         |       |       |       |       |     5 |       ||     5

Table legend:
 A = Non-vault XP
 B = Vault XP
 C = Vault XP percentage of total XP
 D = Non-vault monster count
 E = Vault monster count
 F = Vault count percentage of total count
                 A         B        C        D         E       F
            +---------+---------+-------+---------+---------+-------
      Total |   39459 |   17349 |  30.5 |     312 |     122 |  28.1
            +---------+---------+-------+---------+---------+-------
        D:1 |      83 |       0 |   0.0 |      28 |       0 |   0.0
        D:2 |     103 |       0 |   0.0 |      15 |       0 |   0.0
        D:3 |     376 |      70 |  15.7 |      24 |      12 |  33.3
        D:4 |     377 |       0 |   0.0 |      15 |       0 |   0.0
        D:5 |     401 |       0 |   0.0 |       8 |       0 |   0.0
        D:6 |    1211 |     212 |  14.9 |      25 |       2 |   7.4
        D:7 |     677 |       2 |   0.3 |      17 |       1 |   5.6
        D:8 |    1243 |    1111 |  47.2 |      12 |      18 |  60.0
        D:9 |     839 |    1385 |  62.3 |      20 |       2 |   9.1
       D:10 |    2347 |     705 |  23.1 |      23 |       5 |  17.9
       D:11 |     549 |       0 |   0.0 |      13 |       0 |   0.0
     Lair:1 |    1367 |    2214 |  61.8 |       5 |      15 |  75.0
     Lair:2 |    1404 |    2562 |  64.6 |       7 |       7 |  50.0
     Lair:3 |    7438 |    1610 |  17.8 |      27 |      32 |  54.2
     Lair:4 |    3608 |    1719 |  32.3 |      17 |       4 |  19.0
     Lair:5 |   10394 |    3452 |  24.9 |      38 |      16 |  29.6
     Lair:6 |    7042 |     900 |  11.3 |      18 |       1 |   5.3
      IceCv |       0 |    1407 | 100.0 |       0 |       7 | 100.0
            +---------+---------+-------+---------+---------+-------
